 Dungeon Crawl Stone Soup version 0.20.0 (webtiles) character file.

132 Eucla the Slasher (level 5, -4/32 HPs)
             Began as an Octopode Chaos Knight on June 2, 2017.
             Shot with a stone by a goblin (5 damage)
             ... led by Robin
             ... on level 3 of the Dungeon.
             The game lasted 00:02:02 (1360 turns).

Eucla the Slasher (Octopode Chaos Knight)           Turns: 1360, Time: 00:02:03

Health: -4/32      AC:  1    Str: 10    XL:     5   Next: 15%
Magic:  5/5        EV:  8    Int: 15    God:    Xom [*.....]
Gold:   123        SH:  9    Dex: 11    Spells: 4/4 levels left

rFire    . . .     SeeInvis .   a - +0 falchion (chaos)
rCold    . . .     Gourm    .   e - +0 large shield
rNeg     . . .     Faith    .   (helmet restricted)
rPois    .         Spirit   .   c - amulet of regeneration
rElec    .         Reflect  .   (no ring)
rCorr    .         Harm     .   (no ring)
MR       .....                  (no ring)
Stlth    ++........             (no ring)
Regen    0.5/turn               (no ring)
MPRegen  0.1/turn               (no ring)
                                (no ring)
                                (no ring)

@: no status effects
A: almost no armour, stealthy swim, amphibious, 8 rings, constrict 8, camouflage
1, frail 1, screaming 1, weak 1, gelatinous body 1
a: Renounce Religion


You were on level 3 of the Dungeon.
You worshipped Xom.
You were a special plaything of Xom.
You were not hungry.

You visited 1 branch of the dungeon, and saw 3 of its levels.

You collected 123 gold pieces.

Inventory:

Hand Weapons
 a - a +0 falchion of chaos (weapon)
Armour
 e - a +0 large shield (worn)
Jewellery
 c - an amulet of regeneration (around mantle)
 i - a +3 ring of slaying {unknown}
Scrolls
 d - 3 scrolls of teleportation {unknown}
 f - a scroll of recharging {unknown}
Potions
 g - a potion of magic {unknown}
 j - a potion of might {unknown}
 k - a potion of degeneration {unknown}
Comestibles
 b - 2 bread rations
 h - 2 meat rations
 l - 2 fruits


   Skills:
 - Level 3.0 Fighting
 * Level 5.7 Long Blades
 - Level 2.3 Dodging


You had 4 spell levels left.
You didn't know any spells.

Dungeon Overview and Level Annotations

Branches:
Dungeon (3/15)

Altars:


Innate Abilities, Weirdness & Mutations

You cannot wear most types of armour.
You are very stealthy in the water. (Stealth+)
You are amphibious.
You can wear up to eight rings at the same time.
You can use your tentacles to constrict eight enemies at once.
Your skin changes colour to match your surroundings (Stealth+).
Your rubbery body absorbs attacks. (AC +1, EV +1)
You are frail. (-10% HP)
You occasionally shout uncontrollably at your foes.
You are weak. (Str -2)


Message History

The quokka barely misses you.
You riposte.
You hit the quokka. You burn the quokka.
You kill the quokka!
You block the goblin's attack.
A goblin comes into view.
You hit the hobgoblin.
The air around you crackles with energy!
Your grab misses the hobgoblin.
The hobgoblin is moderately wounded.
The goblin hits you. The hobgoblin hits you with a club!
* * * LOW HITPOINT WARNING * * *
The goblin hits you but does no damage.
You slash the hobgoblin! You burn the hobgoblin.
You kill the hobgoblin!
The goblin hits you.
* * * LOW HITPOINT WARNING * * *
You block the goblin's attack.
The goblin unwields an uncursed club.
The goblin wields a hunting sling.
The goblin shoots a stone.
The stone hits you.
You die...

# . .........
#...#....g..g ##.
.###.#.#...ggggS ..
.......#...g.g .####.#
#..#.... ......# #.....#
!.....# ##.gg### #
......####...grg###..#
.............##g@)g#
##.....###.#.#####.....#
###..## #.#.# .....
###.#####.#.# ....
#...##....#.## ..[
##......###...#... ..
.........†......... .
.......##†...>.....
........#...........


You could see a hobgoblin, 5 goblins and a rat.

Vanquished Creatures
  An orc wizard (D:3)
  Robin (D:3)
  3 adders
  2 worms (D:2)
  3 leopard geckos
  2 orcs (D:3)
  A ball python (D:1)
  6 giant cockroaches
  11 goblins
  5 hobgoblins
  7 kobolds
  2 quokkas
  3 bats
  2 frilled lizards
  6 rats
55 creatures vanquished.

Notes
Turn   | Place    | Note
-------+----------+-------------------------------------------
     0 | D:1      | Eucla the Octopode Chaos Knight began the quest for the Orb.
     0 | D:1      | Reached XP level 1. HP: 16/16 MP: 1/1
    50 | D:1      | XOM: harmless Hex miscast
   149 | D:1      | Reached XP level 2. HP: 21/21 MP: 2/2
   307 | D:1      | Reached skill level 4 in Long Blades
   333 | D:1      | XOM: harmless Hex miscast
   476 | D:1      | Reached XP level 3. HP: 26/26 MP: 3/3
   827 | D:2      | XOM: god gift: scroll labeled ICWEP MAMMAZ {god gift}
  1089 | D:2      | XOM: give mutations
  1089 | D:2      | Gained mutation: You occasionally shout uncontrollably at your foes. [Xom's mischief]
  1089 | D:2      | Gained mutation: You are frail. (-10% HP) [Xom's mischief]
  1164 | D:3      | Reached XP level 4. HP: 27/27 MP: 4/4
  1167 | D:3      | XOM: polymorph goblin -> giant cockroach
  1245 | D:3      | Reached skill level 5 in Long Blades
  1343 | D:3      | Noticed Robin
  1349 | D:3      | Reached XP level 5. HP: 32/32 MP: 5/5
  1351 | D:3      | XOM: give mutation
  1351 | D:3      | Gained mutation: You are weak. (Str -2) [Xom's mischief]
  1358 | D:3      | Killed Robin
  1360 | D:3      | HP: 1/32 [goblin[Robin] (4)]
  1360 | D:3      | Shot with a stone by a goblin

Skill      XL: |  1  2  3  4 |
---------------+-------------+-----
Long Blades    | 4 5 |  5.7
Fighting       | |  3.0
Dodging        | |  2.3

Action                   |  1- 3 |  4- 6 || total
-------------------------+-------+-------++-------
Melee: Falchion          |    73 |    39 ||   112
       Constrict         |    25 |    13 ||    38
       Tentacles         |     6 |     3 ||     9
 Stab: Sleeping          |     4 |       ||     4
  Eat: Bread ration      |     1 |       ||     1
Armor: Skin              |     7 |     5 ||    12
Dodge: Dodged            |    35 |    10 ||    45
Block: Large shield      |    24 |    26 ||    50
       Rpst.: Falchion   |     5 |     3 ||     8
